 Dungeon Crawl Stone Soup version 0.22-a0-433-gd2a9cce (webtiles) character file.

23 Supreme the Chucker (level 3, 19/36 HPs)
             Began as an Ogre Hunter on May 28, 2018.
             Quit the game on level 1 of the Dungeon.
             The game lasted 00:06:01 (602 turns).

Supreme the Chucker (Ogre Hunter)                    Turns: 602, Time: 00:06:01

Health: 19/36      AC:  3    Str: 16    XL:     3   Next: 0%
Magic:  3/3        EV: 10    Int: 13    God:
Gold:   33         SH:  0    Dex:  9    Spells: 2/2 levels left

rFire    . . .     SeeInvis .   e - +0 spear
rCold    . . .     Gourm    .   (no shield)
rNeg     . . .     Faith    .   b - +0 robe
rPois    .         Spirit   .   (helmet restricted)
rElec    .         Reflect  .   (no cloak)
rCorr    .         Harm     .   (gloves unavailable)
MR       .....                  (boots unavailable)
Stlth    +.........             (no amulet)
HPRegen  0.12/turn              (no ring)
MPRegen  0.08/turn              (no ring)

@: no status effects
A: large, unfitting armour, tough skin 1
a: no special abilities


You were on level 1 of the Dungeon.
You were not hungry.

You visited 1 branch of the dungeon, and saw 1 of its levels.

You collected 33 gold pieces.

Inventory:

Hand Weapons
 e - a +0 spear (weapon)
Missiles
 c - 4 large rocks (quivered)
 d - 2 throwing nets
Armour
 b - a +0 robe (worn)
 j - a +0 shield
Scrolls
 h - a scroll of blinking {unknown}
 l - a scroll of identify {unknown}
Potions
 a - a potion of flight {unknown}
 g - a potion of degeneration {unknown}
 i - a potion of curing {unknown}
 k - a potion of mutation {unknown}
Comestibles
 f - 2 rations


   Skills:
 + Level 2.8 Fighting
 + Level 0.3 Polearms
 + Level 4.6 Throwing
 + Level 2.0 Dodging
 + Level 0.6 Stealth


You had 2 spell levels left.
You didn't know any spells.
Your spell library was empty.

Dungeon Overview and Level Annotations

Branches:
Dungeon (1/15)

Altars:


Innate Abilities, Weirdness & Mutations

You are too large for most types of armour.
You have tough skin. (AC +1)


Message History

Found a ring mail.
A goblin comes into view. It is wielding a dagger.
The goblin shouts!
You hear a shout!
You barely miss the goblin. The goblin hits you with a dagger. x2
Throwing (i - inventory. (/) - cycle)
c - 5 large rocks (quivered)
Press: ? - help, Shift-Dir - straight line, f - goblin
Aim: a goblin, wielding a dagger You throw a large rock.
The large rock hits the goblin!!
You kill the goblin!
You have reached level 3!
Your experience leads to an increase in your attributes!
Increase (S)trength, (I)ntelligence, or (D)exterity?
You feel clever.
You feel stronger.
A hobgoblin comes into view.
Things that are here:
a large rock; a dagger; a goblin corpse Unknown command.
Quiver which item? (- for none, * to show all) (? for menu, Esc to quit)
Okay, then.
Are you sure you want to abandon this character and quit the game? (Confirm with "yes".)

#..# #.. #.. #..
....# #g# ....# #.#
# ....# #.## ..
....# #@.#.####
....# ####........
....# #...........
....#
#######.###.#[####
....###...#...##
.#..#
(...##......#..# .#
.# .((......#.###.#
.# .
.###....###.#..##.#
.# .#
#.....#...#..#.#


You could see a hobgoblin.

Vanquished Creatures
  A giant cockroach (D:1)
  2 goblins (D:1)
  3 hobgoblins (D:1)
  2 jackals (D:1)
  5 kobolds (D:1)
  A ball python (D:1)
  6 bats (D:1)
  A rat (D:1)
21 creatures vanquished.

Notes
Turn   | Place    | Note
-------+----------+-------------------------------------------
     0 | D:1      | Supreme the Ogre Hunter began the quest for the Orb.
     0 | D:1      | Reached XP level 1. HP: 22/22 MP: 1/1
   149 | D:1      | Reached XP level 2. HP: 26/29 MP: 2/2
   600 | D:1      | Reached XP level 3. HP: 19/36 MP: 3/3
   602 | D:1      | Quit the game

Vault maps used:
D:1:      dpeg_arrival_shelter, minmay_pentomino_x4

Skill      XL: |  1  2 |
---------------+-------+-----
Dodging        | 2 |  2.0
Fighting       | |  2.8
Polearms       | |  0.3
Throwing       | |  4.6
Stealth        | |  0.6

Action                   || total
-------------------------++-------
Melee: Short sword       ||     9
       Spear             ||    64
Throw: Large rock        ||    14
Armor: Robe              ||    42
Dodge: Dodged            ||    72

Table legend:
 A = Spawn XP
 B = Non-spawn XP
 C = Spawn XP percentage of total XP
 D = Spawn monster count
 E = Non-spawn monster count
 F = Spawn count percentage of total count
 G = Total turns spent on level
                    A         B        C        D         E        F      G
               +---------+---------+-------+---------+---------+-------+---------
         Total |       0 |      34 |   0.0 |       0 |      21 |   0.0 |   602
               +---------+---------+-------+---------+---------+-------+---------
           D:1 |       0 |      34 |   0.0 |       0 |      21 |   0.0 |   602
               +---------+---------+-------+---------+---------+-------+---------
